PAAA
BLOOMINGTON LONGNECKS @ PLYMOUTH ROCKS
08/18/2033
 
TOP OF THE 1ST
Bloomington Longnecks batting - Pitching for Plymouth Rocks : RHP Alejandro Ramírez
Pitching: RHP Alejandro Ramírez
Batting: RHB Javier De Jesús 0-0: Ball
1-0: Ball
2-0: Ball
3-0: Called Strike
3-1: Base on Balls
Batting: RHB Barrett Drury 0-0: Ball
1-0: Fly out, F7 (Line Drive, 78M)
Batting: RHB Blaze Alexander 0-0: Called Strike
0-1: Called Strike
0-2: SINGLE (Line Drive, 89S)
Javier De Jesús to second
Runner from 2nd tries for 3rd, SAFE, no throw
Batting: RHB Carlos Cardona 0-0: Ball
Passed Ball!
Javier De Jesús scores
Blaze Alexander to second
1-0: Ball
2-0: Called Strike
2-1: Ball
3-1: Base on Balls
Batting: RHB Toussiant L'Ouverture 0-0: Called Strike
0-1: Ball
1-1: Ball
2-1: Ball
3-1: Base on Balls
Blaze Alexander to third
Carlos Cardona to second
Batting: RHB Masafumi Ito 0-0: Swinging Strike
0-1: Called Strike
0-2: Ball
1-2: Foul Ball, location: 2F
1-2: Foul Ball, location: 2F
1-2: Foul Ball, location: 2F
1-2: Ball
2-2: Ball
3-2: Foul Ball, location: 2F
3-2: Foul Ball, location: 2F
3-2: DOUBLE (Flyball, 78XD)
Blaze Alexander scores
Carlos Cardona scores
Toussiant L'Ouverture to third
Batting: RHB Lee Allen 0-0: Ball
1-0: Ball
2-0: Foul Ball, location: 2F
2-1: Called Strike
2-2: Ball
3-2: Strikes out looking
Batting: RHB Mark Smiley 0-0: Called Strike
0-1: Ball
1-1: Foul Ball, location: 2F
1-2: Ball
2-2: Foul Ball, location: 2F
2-2: Ground out 5-3 (Groundball, 5S)
Top of the 1st over - 3 runs, 2 hits, 0 errors, 2 left on base; Bloomington 3 - Plymouth 0
BOTTOM OF THE 1ST
Plymouth Rocks batting - Pitching for Bloomington Longnecks : RHP Tony DeWitt
Pitching: RHP Tony DeWitt
Batting: RHB Ernesto Trevino 0-0: Ball
1-0: Ball
2-0: Called Strike
2-1: SINGLE (Line Drive, 4)
Batting: LHB Octávio Ontiveros 0-0: Called Strike
0-1: Ball
1-1: Ball
2-1: Ground out 6-3 (Groundball, 6S)
Ernesto Trevino to second
Batting: LHB Adrian McCoy 0-0: Ball
1-0: Ball
2-0: Ground out 4-3 (Groundball, 4)
Ernesto Trevino to third
Batting: RHB Xi-ku See-to 0-0: Ball
1-0: 2-RUN HOME RUN (Flyball, 7LD), Distance : 372 ft
Batting: SHB Javier Vega 0-0: Foul Ball, location: 2F
0-1: Foul Ball, location: 2F
0-2: Ground out 5-3 (Groundball, 56)
Bottom of the 1st over - 2 runs, 2 hits, 0 errors, 0 left on base; Bloomington 3 - Plymouth 2
TOP OF THE 2ND
Bloomington Longnecks batting - Pitching for Plymouth Rocks : RHP Alejandro Ramírez
Batting: LHB Keith Alexander 0-0: Ball
1-0: Fly out, F7 (Flyball, 78S)
Batting: RHB Javier De Jesús 0-0: Ground out 5-3 (Groundball, 5)
Batting: RHB Barrett Drury 0-0: Ball
1-0: Foul Ball, location: 2F
1-1: Ball
2-1: Swinging Strike
2-2: Ball
3-2: Base on Balls
Batting: RHB Blaze Alexander 0-0: Called Strike
0-1: Ball
1-1: Swinging Strike
1-2: Ball
2-2: Strikes out looking
Top of the 2nd over - 0 runs, 0 hits, 0 errors, 1 left on base; Bloomington 3 - Plymouth 2
BOTTOM OF THE 2ND
Plymouth Rocks batting - Pitching for Bloomington Longnecks : RHP Tony DeWitt
Batting: RHB José Santos 0-0: Ball
1-0: Ground out 5-3 (Groundball, 56)
Batting: LHB Edgardo De Jesús 0-0: Foul Ball, location: 2F
0-1: Ball
1-1: Foul Ball, location: 2F
1-2: Foul Ball, location: 2F
1-2: Foul Ball, location: 2F
1-2: Ball
2-2: Foul Ball, location: 2F
2-2: Ball
3-2: Foul Ball, location: 2F
3-2: Ground out 1-3 (Groundball, P)
Batting: RHB Chang-lit Min 0-0: Foul Ball, location: 2F
0-1: Ball
1-1: Swinging Strike
1-2: Ball
2-2: Ball
3-2: Strikes out looking
Bottom of the 2nd over - 0 runs, 0 hits, 0 errors, 0 left on base; Bloomington 3 - Plymouth 2
TOP OF THE 3RD
Bloomington Longnecks batting - Pitching for Plymouth Rocks : RHP Alejandro Ramírez
Batting: RHB Carlos Cardona 0-0: Ball
1-0: Foul Ball, location: 2F
1-1: Foul Ball, location: 2F
1-2: Ball
2-2: Ground out 5-3 (Groundball, 56)
Batting: RHB Toussiant L'Ouverture 0-0: Swinging Strike
0-1: Foul Ball, location: 2F
0-2: Ball
1-2: Strikes out swinging
Batting: RHB Masafumi Ito 0-0: Called Strike
0-1: Foul Ball, location: 2F
0-2: Foul Ball, location: 2F
0-2: Strikes out looking
Top of the 3rd over - 0 runs, 0 hits, 0 errors, 0 left on base; Bloomington 3 - Plymouth 2
BOTTOM OF THE 3RD
Plymouth Rocks batting - Pitching for Bloomington Longnecks : RHP Tony DeWitt
Batting: LHB Dae-ik Park 0-0: Called Strike
0-1: Ball
1-1: Ball
2-1: Ground out 4-3 (Groundball, 4M)
Batting: RHB Ernesto Trevino 0-0: SINGLE (Groundball, P) (infield hit)
Batting: LHB Octávio Ontiveros 0-0: Called Strike
0-1: Ball
Ernesto Trevino steals 2nd base
1-1: Called Strike
1-2: Ball
2-2: Ground out 5-3 (Groundball, 56S)
Ernesto Trevino to third
Batting: LHB Adrian McCoy 0-0: Called Strike
0-1: Foul Ball, location: 2F
0-2: Ball
1-2: Foul Ball, location: 2F
1-2: Ball
2-2: Ground out 3-1 (Groundball, 34)
Bottom of the 3rd over - 0 runs, 1 hit, 0 errors, 1 left on base; Bloomington 3 - Plymouth 2
TOP OF THE 4TH
Bloomington Longnecks batting - Pitching for Plymouth Rocks : RHP Alejandro Ramírez
Batting: RHB Lee Allen 0-0: Ball
1-0: Swinging Strike
1-1: Called Strike
1-2: Foul Ball, location: 2F
1-2: Ball
2-2: Foul Ball, location: 2F
2-2: Ground out 4-3 (Groundball, 34)
Batting: RHB Mark Smiley 0-0: Called Strike
0-1: Ball
1-1: Foul Ball, location: 2F
1-2: Ball
2-2: Foul Ball, location: 2F
2-2: Fly out, F6 (Line Drive, 6)
Batting: LHB Keith Alexander 0-0: Called Strike
0-1: Ball
1-1: Ground out 4-3 (Groundball, 4)
Top of the 4th over - 0 runs, 0 hits, 0 errors, 0 left on base; Bloomington 3 - Plymouth 2
BOTTOM OF THE 4TH
Plymouth Rocks batting - Pitching for Bloomington Longnecks : RHP Tony DeWitt
Batting: RHB Xi-ku See-to 0-0: Called Strike
0-1: Ball
1-1: Ball
2-1: SINGLE (Flyball, 78S)
Batting: SHB Javier Vega 0-0: SINGLE (Groundball, 34D)
Xi-ku See-to to second
Runner from 2nd tries for 3rd, SAFE, no throw
Batting: RHB José Santos 0-0: Ball
1-0: Called Strike
1-1: Ball
2-1: Fly out, F3 (Popup, 34)
Batting: LHB Edgardo De Jesús 0-0: Ball
1-0: Foul Ball, location: 2F
1-1: Ball
2-1: SINGLE (Line Drive, 9S)
Xi-ku See-to scores
Javier Vega to second
Runner from 2nd tries for 3rd, SAFE, no throw
Batting: RHB Chang-lit Min 0-0: Called Strike
Edgardo De Jesús steals 2nd base
0-1: Foul Ball, location: 2F
0-2: Ball
1-2: Foul Ball, location: 2F
1-2: Fly out, F9 (Flyball, 9)
Runner from 3rd tags up, SCORES, throw made
Edgardo De Jesús to third
Batting: LHB Dae-ik Park 0-0: Ball
1-0: Ball
2-0: Foul Ball, location: 2F
2-1: Fly out, F8 (Line Drive, 8RM)
Bottom of the 4th over - 2 runs, 3 hits, 0 errors, 1 left on base; Bloomington 3 - Plymouth 4
TOP OF THE 5TH
Bloomington Longnecks batting - Pitching for Plymouth Rocks : RHP Alejandro Ramírez
Batting: RHB Javier De Jesús 0-0: Called Strike
0-1: Called Strike
0-2: Ball
1-2: Strikes out swinging
Batting: RHB Barrett Drury 0-0: SINGLE (Line Drive, 4M)
Batting: RHB Blaze Alexander 0-0: Ball
1-0: Foul Ball, location: 2F
1-1: Swinging Strike
1-2: Ball
2-2: Foul Ball, location: 2F
2-2: Foul Ball, location: 2F
2-2: Grounds into double play, 4-6-3 (Groundball, 4)
Top of the 5th over - 0 runs, 1 hit, 0 errors, 0 left on base; Bloomington 3 - Plymouth 4
BOTTOM OF THE 5TH
Plymouth Rocks batting - Pitching for Bloomington Longnecks : RHP Tony DeWitt
Batting: RHB Ernesto Trevino 0-0: Foul Ball, location: 2F
0-1: Foul Ball, location: 2F
0-2: Strikes out swinging
Batting: LHB Octávio Ontiveros 0-0: Ball
1-0: Swinging Strike
1-1: Ball
2-1: Foul Ball, location: 2F
2-2: Ball
3-2: Foul Ball, location: 2F
3-2: DOUBLE (Line Drive, 9LM)
Batting: LHB Adrian McCoy 0-0: Ball
1-0: Ball
2-0: Swinging Strike
2-1: Foul Ball, location: 2F
2-2: Strikes out looking
Batting: RHB Xi-ku See-to 0-0: Ball
1-0: Single, Error in OF, E8, batter to second base
Octávio Ontiveros scores
Batting: SHB Javier Vega 0-0: Ball
1-0: Called Strike
1-1: Foul Ball, location: 2F
1-2: Foul Ball, location: 2F
1-2: Foul Ball, location: 2F
1-2: Fly out, F6 (Popup, 6)
Bottom of the 5th over - 1 run, 2 hits, 1 error, 1 left on base; Bloomington 3 - Plymouth 5
TOP OF THE 6TH
Bloomington Longnecks batting - Pitching for Plymouth Rocks : RHP Alejandro Ramírez
Batting: RHB Carlos Cardona 0-0: Called Strike
0-1: Ball
1-1: Ball
2-1: Ball
3-1: Called Strike
3-2: Foul Ball, location: 2F
3-2: Ground out 6-3 (Groundball, 6)
Batting: RHB Toussiant L'Ouverture 0-0: Ball
1-0: Swinging Strike
1-1: Ball
2-1: Ball
3-1: Base on Balls
Batting: RHB Masafumi Ito 0-0: Ball
1-0: Foul Ball, location: 2F
1-1: Ball
2-1: Foul Ball, location: 2F
2-2: Ball
3-2: Foul Ball, location: 2F
3-2: Foul Ball, location: 2F
3-2: Base on Balls
Toussiant L'Ouverture to second
Batting: RHB Lee Allen 0-0: Called Strike
0-1: Foul Ball, location: 2F
0-2: Strikes out swinging
Pitching: LHP José Rico
Batting: RHB Mark Smiley 0-0: Ball
1-0: Foul Ball, location: 2F
1-1: SINGLE (Flyball, 7S)
Toussiant L'Ouverture to third
Masafumi Ito to second
Runner from 3rd tries for Home, SAFE, no throw
Batting: LHB Keith Alexander 0-0: Ball
1-0: Foul Ball, location: 2F
1-1: Foul Ball, location: 2F
1-2: Ground out U3 (Groundball, 3L)
Top of the 6th over - 1 run, 1 hit, 0 errors, 2 left on base; Bloomington 4 - Plymouth 5
BOTTOM OF THE 6TH
Plymouth Rocks batting - Pitching for Bloomington Longnecks : RHP Tony DeWitt
Pitching: LHP Tomás Galván
Batting: RHB José Santos 0-0: Fly out, F5 (Line Drive, 5)
Batting: LHB Edgardo De Jesús 0-0: Called Strike
0-1: Ball
1-1: SINGLE (Groundball, 6MD)
Batting: RHB Chang-lit Min 0-0: SINGLE (Flyball, 8RS)
Edgardo De Jesús to second
Runner from 2nd tries for 3rd, SAFE, no throw
Batting: LHB Dae-ik Park 0-0: Ball
1-0: Ball
2-0: Ground out 6-3 (Groundball, 6S)
Edgardo De Jesús scores
Chang-lit Min to second
Batting: RHB Ernesto Trevino 0-0: Foul Ball, location: 2F
0-1: Ball
1-1: Ball
Wild Pitch!
Chang-lit Min to third
2-1: Ball
3-1: Base on Balls
Batting: LHB Octávio Ontiveros 0-0: Ball
1-0: Foul Ball, location: 2F
1-1: DOUBLE (Groundball, 3L)
Chang-lit Min scores
Ernesto Trevino to third
Runner from 3rd tries for Home, SAFE, no throw
Pitching: LHP Marcus Blakely
Batting: LHB Adrian McCoy 0-0: Called Strike
0-1: Fly out, F3 (Popup, 34S)
Bottom of the 6th over - 3 runs, 3 hits, 0 errors, 1 left on base; Bloomington 4 - Plymouth 8
TOP OF THE 7TH
Bloomington Longnecks batting - Pitching for Plymouth Rocks : LHP José Rico
Batting: RHB Javier De Jesús 0-0: Called Strike
0-1: Ball
1-1: Ball
2-1: Swinging Strike
2-2: Foul Ball, location: 2F
2-2: Ball
3-2: Foul Ball, location: 2F
3-2: Base on Balls
Batting: RHB Barrett Drury 0-0: Ball
1-0: Called Strike
1-1: Fly out, F6 (Popup, 6M)
Batting: RHB Blaze Alexander 0-0: DOUBLE (Line Drive, 8LXD)
Javier De Jesús to third
Runner from 3rd tries for Home, SAFE, no throw
Batting: RHB Carlos Cardona 0-0: Called Strike
0-1: Fly out, F6 (Popup, 6S)
Batting: RHB Toussiant L'Ouverture 0-0: Called Strike
0-1: Ground out 4-3 (Groundball, 34D)
Top of the 7th over - 1 run, 1 hit, 0 errors, 1 left on base; Bloomington 5 - Plymouth 8
BOTTOM OF THE 7TH
Plymouth Rocks batting - Pitching for Bloomington Longnecks : LHP Marcus Blakely
Batting: RHB Xi-ku See-to 0-0: Ball
1-0: Ball
2-0: DOUBLE (Line Drive, 7D)
Batting: SHB Javier Vega 0-0: Intentional Walk
Batting: RHB José Santos 0-0: Ball
1-0: Sac Bunt - play at first, batter OUT! 3-4
Xi-ku See-to to third
Javier Vega to second
Batting: LHB Edgardo De Jesús 0-0: Foul Ball, location: 2F
0-1: Ball
1-1: Called Strike
1-2: Ball
2-2: Ball
3-2: SINGLE (Line Drive, 4MD)
Xi-ku See-to scores
Javier Vega to third
Batting: RHB Chang-lit Min 0-0: Foul Ball, location: 2F
0-1: Ball
1-1: Ball
2-1: DOUBLE (Groundball, 3L)
Javier Vega scores
Edgardo De Jesús to third
Runner from 3rd tries for Home, SAFE, no throw
Batting: LHB Dae-ik Park 0-0: Ball
Chang-lit Min steals 3rd base
1-0: Ball
2-0: Ground out U3 (Groundball, 3L)
Batting: RHB Ernesto Trevino 0-0: Ball
1-0: Ground out U3 (Groundball, 34)
Bottom of the 7th over - 3 runs, 3 hits, 0 errors, 1 left on base; Bloomington 5 - Plymouth 11
TOP OF THE 8TH
Bloomington Longnecks batting - Pitching for Plymouth Rocks : LHP José Rico
Batting: RHB Masafumi Ito 0-0: Called Strike
0-1: Ball
1-1: Ball
2-1: Foul Ball, location: 2F
2-2: Fly out, F6 (Line Drive, 6)
Batting: RHB Lee Allen 0-0: Ball
1-0: Called Strike
1-1: Fly out, F4 (Popup, 34)
Batting: RHB Mark Smiley 0-0: Swinging Strike
0-1: Ball
1-1: Ball
2-1: Foul Ball, location: 2F
2-2: Strikes out swinging
Top of the 8th over - 0 runs, 0 hits, 0 errors, 0 left on base; Bloomington 5 - Plymouth 11
BOTTOM OF THE 8TH
Plymouth Rocks batting - Pitching for Bloomington Longnecks : LHP Marcus Blakely
Batting: LHB Octávio Ontiveros 0-0: Ball
1-0: Ball
2-0: Foul Ball, location: 2F
2-1: Foul Ball, location: 2F
2-2: Strikes out swinging
Batting: LHB Adrian McCoy 0-0: Called Strike
0-1: Ball
1-1: Swinging Strike
1-2: Ball
2-2: SINGLE (Line Drive, 34D)
Batting: RHB Xi-ku See-to 0-0: Called Strike
0-1: Swinging Strike
0-2: 2-RUN HOME RUN (Flyball, 7D), Distance : 410 ft
Batting: SHB Javier Vega 0-0: Called Strike
0-1: Foul Ball, location: 2F
0-2: SINGLE (Line Drive, 6D)
Batting: RHB José Santos 0-0: Ball
1-0: Ball
2-0: Called Strike
2-1: Ball
3-1: Foul Ball, location: 2F
3-2: Strikes out swinging
Batting: LHB Edgardo De Jesús 0-0: Called Strike
0-1: Ball
1-1: Called Strike
1-2: SINGLE (Groundball, 4D)
Javier Vega to second
Runner from 2nd tries for 3rd, SAFE, throw made to third
Batting: RHB Chang-lit Min 0-0: Ball
1-0: Ball
2-0: Foul Ball, location: 2F
2-1: Swinging Strike
2-2: Strikes out swinging
Bottom of the 8th over - 2 runs, 4 hits, 0 errors, 2 left on base; Bloomington 5 - Plymouth 13
TOP OF THE 9TH
Bloomington Longnecks batting - Pitching for Plymouth Rocks : LHP José Rico
Now in RF: Roku Hara
Batting: LHB Keith Alexander 0-0: Swinging Strike
0-1: Ball
1-1: Foul Ball, location: 2F
1-2: Strikes out looking
Batting: RHB Javier De Jesús 0-0: Fly out, F3 (Popup, 3SF)
Batting: RHB Barrett Drury 0-0: Foul Ball, location: 2F
0-1: Ball
1-1: SINGLE (Flyball, 9S)
Batting: RHB Blaze Alexander 0-0: Ball
1-0: Swinging Strike
1-1: Ball
2-1: Fly out, F7 (Flyball, 78M)
Top of the 9th over - 0 runs, 1 hit, 0 errors, 1 left on base; Bloomington 5 - Plymouth 13
Saturday, December 22nd, 2018 - OOTP Baseball 18.8 Build 76